[Event "Early-Titled-Tuesday-Blitz-April-16-2024"]
[Site "Chess.com"]
[Date "2024.04.16"]
[Round "11"]
[White "h4parah5"]
[Black "FairChess_on_YouTube"]
[Result "1/2-1/2"]
[WhiteElo "3026"]
[BlackElo "3102"]
[TimeControl "180+1"]
[EndTime "10:12:35 PDT"]
[Termination "Game drawn by repetition"]

1. e4 c5 2. Nf3 e6 3. d4 cxd4 4. Nxd4 Nc6 5. a3 Nf6 6. Nc3 Qc7 7. Be3 Be7 8. g4 d5 9. exd5 Nxd5 10. Nxd5 exd5 11. Nb5 Qe5 12. Qxd5 Qxb2 13. Ra2 Qb1+ 14. Kd2 O-O 15. Bd3 Be6 16. Qe4 Bb4+ 17. axb4 Qxb4+ 18. Qxb4 Nxb4 19. Rb2 Nxd3 20. cxd3 Bxg4 21. Rg1 Bf5 22. Nd6 Bg6 23. Nxb7 a5 24. Ra1 Rfb8 25. Bf4 Re8 26. Rxa5 f6 27. Rxa8 Rxa8 28. Nc5 Ra1 29. Rb8+ Kf7 30.
Rb7+ Kg8 31. Ne6 Bf5 32. Nxg7 Ra2+ 33. Ke3 Bg4 34. Ne8 Re2+ 35. Kd4 Rxe8 36. Bh6 Rd8+ 37.
Ke3 Rd7 38. Rb6 Kf7 39. f3 Bf5 40. d4 Be6 41. Bf4 Bd5 42. Kf2 Rb7 43. Rd6 Rb5 44.
Bd2 Be6 45. Ke3 Rh5 46. Bc3 Bd5 47. h4 Rf5 48. f4 Rh5 49. Be1 Ke7 50. Rb6 Kf7 51.
Ra6 Ke7 52. Bb4+ Kf7 53. Be1 Be6 54. Ra7+ Kg6 55. Ra6 Kf7 56. Ra7+ Kg6 57. Ra6 Kf7 1/2-1/2

[Event "Early-Titled-Tuesday-Blitz-April-16-2024"]
[Site "Chess.com"]
[Date "2024.04.16"]
[Round "11"]
[White "mishanick"]
[Black "alexrustemov"]
[Result "1/2-1/2"]
[WhiteElo "3041"]
[BlackElo "2849"]
[TimeControl "180+1"]
[EndTime "10:12:35 PDT"]
[Termination "Game drawn by repetition"]

1. d4 d5 2. c4 c6 3. Nc3 dxc4 4.
Nf3 b5 5. a4 b4 6. Ne4 Qd5 7.
Ng3 Nf6 8. e3 Ba6 9. Be2 e6 10.
O-O Be7 11. Ne5 O-O 12. Qc2 c3 13. bxc3 bxc3 14. Qxc3 Bxe2 15. Nxe2 Rc8 16. Nf4 Qd8 17. Ba3 Bxa3 18. Qxa3 Nbd7 19. Ned3 Nd5 20. Rac1 Nxf4 21.
Nxf4 Qf8 22. Qa1 c5 23. d5 exd5 24. Nxd5 Nb6 25. Nc3 c4 26. a5 Nd7 27. Qa4 Ne5 28.
Rb1 Nd3 29. a6 Qc5 30. Rb7 Qc6 31. Qa3 Qc5 32. Qa1 Qe5 33. h3 g6 34. Rfb1 Rc6 35.
Qa3 Rf6 36. Ne4 Re6 37. Nd2 Qd5 38. Rb8+ Re8 39. Rxa8 Rxa8 40. Qc3 Rc8 41. Rb7 Qc5 42. Ne4 Qe5 43. Nf6+ Kg7 44. Nd5 Qxc3 45. Nxc3 Ra8 46. Rc7 Nb4 47. Rxc4 Nxa6 48. Nd5 Rb8 49. Ra4 Rb5 50.
Rxa6 Rxd5 51. Rxa7 h5 52. g3 Rd2 53. Ra5 Rd6 54.
Kg2 Re6 55. Kf3 Re7 56. e4 Re6 57. h4 Rb6 58. Kf4 Rf6+ 59. Ke3 Re6 60. f3 Rf6 61. Rd5 Rb6 62. Kf4 Kf6 63. g4 hxg4 64. Kxg4 Kg7 65. Kf4 Rb1 66. Ra5 Rh1 67. Kg3 Rg1+ 68. Kh2 Rf1 69. Kg2 Rb1 70. Kg3 Rg1+ 71. Kf4 Rh1 72. Kg4 Rg1+ 73. Kh3 Rh1+ 74. Kg3 Rg1+ 1/2-1/2

[Event "Early-Titled-Tuesday-Blitz-April-16-2024"]
[Site "Chess.com"]
[Date "2024.04.16"]
[Round "11"]
[White "AradNazari"]
[Black "WilsonPalencia21"]
[Result "1/2-1/2"]
[WhiteElo "2706"]
[BlackElo "2598"]
[TimeControl "180+1"]
[EndTime "10:12:35 PDT"]
[Termination "Game drawn by repetition"]

1. e4 c5 2. Nf3 d6 3. Bb5+ Nd7 4. d4 cxd4 5. Qxd4 e5 6. Qd3 a6 7. Bxd7+ Bxd7 8. O-O h6 9. c4 b5 10. Nfd2 Nf6 11. Nc3 b4 12. Nd5 Nxd5 13. cxd5 Rc8 14. b3 Bb5 15. Nc4 Qc7 16. Bd2 Bxc4 17. bxc4 Qxc4 18.
Qh3 Rd8 19. Rfe1 Be7 20. Qb3 Rc8 21. Qa4+ Qb5 22. Qxb5+ axb5 23. Bxb4 Rc4 24. a3 Kd7 25. Rab1 Rhc8 26. g3 g6 27. Bd2 Ra4 28. Rxb5 Rxa3 29.
Bxh6 g5 30. Kg2 Ra2 31. Rb7+ Rc7 32. Rxc7+ Kxc7 33. Rh1 Ra8 34. h4 gxh4 35. gxh4 Rh8 36. Bg5 Bxg5 37. hxg5 Rg8 38. Rh7 Rxg5+ 39. Kf3 Kb6 40.
Rxf7 Rg6 41. Ke3 Kc5 42. Rc7+ Kb5 43. f3 Rf6 44. Rc8 Kb6 45. Rc6+ Kb5 46. Rc8 Kb6 47. Re8 Kc5 48. Re7 Rh6 49. Rc7+ Kb5 50. Rc6 Rf6 51. Rc8 1/2-1/2

[Event "Early-Titled-Tuesday-Blitz-April-16-2024"]
[Site "Chess.com"]
[Date "2024.04.16"]
[Round "11"]
[White "Kotlyar_K"]
[Black "Vasily_IM"]
[Result "1-0"]
[WhiteElo "2688"]
[BlackElo "2562"]
[TimeControl "180+1"]
[EndTime "10:12:35 PDT"]
[Termination "Kotlyar_K won by checkmate"]

1. d4 d5 2. c4 e6 3. Nc3 Nf6 4. cxd5 exd5 5. Bg5 Be7 6. e3 O-O 7. Bd3 Nbd7 8. Qc2 c6 9. Nge2 Re8 10. O-O Nf8 11. f3 Be6 12. Rad1 Rc8 13. Qc1 Ng6 14. e4 dxe4 15. fxe4 Ng4 16. Bxe7 Qxe7 17. h3 Nf6 18. e5 Nd5 19. Ne4 Red8 20. a3 b6 21. b4 Rc7 22.
N2g3 a5 23. bxa5 bxa5 24. Nc5 Nb6 25. Qc3 a4 26. Rb1 Nd7 27. Nxe6 fxe6 28. Bc4 Kh8 29. Qa5 Ndf8 30. Rfd1 c5 31. dxc5 Rxd1+ 32. Rxd1 Qxc5+ 33. Qxc5 Rxc5 34. Be2 Rxe5 35. Rd4 Re3 36. Kf2 Rxa3 37. Rd8 Kg8 38. Ne4 Kf7 39. Ra8 h6 40. Bc4 Ne5 41.
Ra7+ Kg6 42. Bb5 Ra2+ 43. Kg3 a3 44. Be8+ Kh7 45. Nf6+ Kh8 46. Nh5 Ra1 47. Nxg7 Nfg6 48. Nh5 a2 49. Nf6 Nf8 50. Bh5 Nd3 51. Rf7 Nb4 52.
Rxf8+ Kg7 53. Rf7+ Kh8 54. Rh7# 1-0

[Event "Early-Titled-Tuesday-Blitz-April-16-2024"]
[Site "Chess.com"]
[Date "2024.04.16"]
[Round "11"]
[White "Kirill_Klukin"]
[Black "artin10862"]
[Result "0-1"]
[WhiteElo "2823"]
[BlackElo "2937"]
[TimeControl "180+1"]
[EndTime "10:12:36 PDT"]
[Termination "artin10862 won by resignation"]

1. d4 d5 2. c4 e6 3. Nf3 Nf6 4. Nc3 dxc4 5. e3 a6 6. Bxc4 b5 7. Bb3 Bb7 8. O-O Nbd7 9. Qe2 c5 10. Rd1 Qc7 11. e4 cxd4 12. Nxd4 Bd6 13. h3 b4 14. Na4 Nxe4 15. Bxe6 fxe6 16. Nxe6 Bh2+ 17. Kh1 Qe5 18. Nxg7+ Qxg7 19. Kxh2 O-O 20. f3 Rae8 21. Qc4+ Kh8 22. Qc7 Rg8 23. Rg1 Nec5 24. Nxc5 Nxc5 25. Qxc5 Qg3+ 26.
Kh1 Qxh3+ 27. gxh3 Bxf3+ 28. Rg2 Rxg2 29. Be3 Rg5+ 30.
Kh2 Rxc5 31. Bxc5 a5 32. Kg3 Bh5 33. a3 b3 34. Bd4+ Kg8 35. Bc3 Bg6 36. Bxa5 Re2 37. Bc3 Re3+ 38. Kg2 Rxc3 39. bxc3 b2 40. Re1 b1=Q 41.
Rxb1 Bxb1 42. h4 Kf7 43. Kf2 Ke6 44. Ke3 Kd5 45. Kd2 Kc4 46. a4 Bf5 47. a5 Kb5 48. Ke3 Kxa5 49. Kd4 Kb5 50. h5 Bg4 51. h6 Bf5 52.
c4+ Kc6 53. Ke5 Bg6 54. Kd4 Kd6 55. c5+ Kc6 56. Kc4 Bf7+ 57. Kd4 Bd5 58. Ke5 Kxc5 0-1

[Event "Early-Titled-Tuesday-Blitz-April-16-2024"]
[Site "Chess.com"]
[Date "2024.04.16"]
[Round "11"]
[White "SharapovEvgeny"]
[Black "ragnaroek66"]
[Result "1/2-1/2"]
[WhiteElo "2647"]
[BlackElo "2540"]
[TimeControl "180+1"]
[EndTime "10:12:37 PDT"]
[Termination "Game drawn - insufficient material"]

1. e4 c6 2. d4 d5 3. e5 Bf5 4. Be3 e6 5. c4 Ne7 6. Nc3 dxc4 7. Bxc4 Nd7 8. Nge2 Nb6 9. Bb3 Bg6 10. O-O Nf5 11. Ng3 Be7 12. Nce4 O-O 13. Qg4 Nd5 14. Bxd5 Qxd5 15. Rfd1 Nxe3 16. fxe3 f5 17. exf6 gxf6 18. Nc3 Qd7 19. h4 Kh8 20. h5 Bf7 21. Rf1 Rg8 22. Qf4 Rg7 23. Nge4 Rag8 24.
Nxf6 Bxf6 25. Qxf6 Bxh5 26. Rf2 Qf7 27. Ne4 Qg6 28.
Qxg6 Bxg6 29. Nc5 Re7 30. Raf1 Rge8 31. Rf8+ Rxf8 32. Rxf8+ Kg7 33. Rb8 b6 34. Rb7 Kf6 35.
Rxe7 Kxe7 36. Nb3 e5 37. dxe5 c5 38. Kf2 Ke6 39. Nd2 Kxe5 40. Kf3 Kd5 41. Kf4 c4 42. e4+ Kc5 43. e5 b5 44. a3 a5 45. Kg5 b4 46.
axb4+ axb4 47. Kf6 c3 48. bxc3 bxc3 49. Nb3+ Kc4 50. Nc1 Kd4 51. e6 Ke3 52. e7 Kd2 53. Na2 c2 54. Kg7 c1=Q 55. Nxc1 Kxc1 56. Kf8 Kd2 57.
e8=Q Bxe8 58. Kxe8 h5 59. Kf7 Ke3 60. Kg6 Kf2 61.
Kxh5 Kxg2 1/2-1/2

[Event "Early-Titled-Tuesday-Blitz-April-16-2024"]
[Site "Chess.com"]
[Date "2024.04.16"]
[Round "11"]
[White "M1711"]
[Black "Daaksboy"]
[Result "1-0"]
[WhiteElo "2706"]
[BlackElo "2411"]
[TimeControl "180+1"]
[EndTime "10:12:38 PDT"]
[Termination "M1711 won by resignation"]

1. d4 d5 2. Bf4 Nf6 3. e3 e6 4. Nd2 c5 5. c3 Nc6 6. Ngf3 Bd6 7. Bg3 O-O 8. Bd3 b6 9. e4 dxe4 10. Nxe4 Be7 11. Qa4 Bd7 12. Nxf6+ Bxf6 13. Bb5 Qc8 14. dxc5 a6 15. Bd3 Ne5 16. Qe4 Nxd3+ 17. Qxd3 Rd8 18.
Qe3 Bb5 19. a4 Bc4 20. Nd2 Bd5 21. O-O bxc5 22. Ne4 Be7 23. Nd2 Qb7 24. f3 Qxb2 25.
Rfb1 Qc2 26. Rc1 Qg6 27. Ne4 c4 28. Kh1 Rd7 29. Rd1 Rb7 30. Nc5 Bxc5 31. Qxc5 Qc2 32. Rac1 Qa2 33. a5 Rb2 34. Qg1 Rd8 35. Ra1 Qb3 36.
Rac1 h6 37. Qd4 Rc8 38. Rd2 Rxd2 39. Qxd2 Rc5 40. Be5 Rb5 41. h4 Qb2 42. Qf4 Rb3 43.
Qg3 g6 44. Re1 Qd2 45. Rg1 Rb2 46. Bf4 Qe2 47. Bxh6 Qe3 48. Bxe3 Rc2 49. Bd4 Rxc3 50. Bxc3 1-0

[Event "Early-Titled-Tuesday-Blitz-April-16-2024"]
[Site "Chess.com"]
[Date "2024.04.16"]
[Round "11"]
[White "Hikaru"]
[Black "Szparu"]
[Result "1-0"]
[WhiteElo "3271"]
[BlackElo "2889"]
[TimeControl "180+1"]
[EndTime "10:12:41 PDT"]
[Termination "Hikaru won by checkmate"]

1. d4 d5 2. Bg5 f6 3. Bc1 Nc6 4. e3 e5 5. Bb5 h5 6. c4 a6 7. Bxc6+ bxc6 8. Qa4 Bd7 9. Qc2 Bd6 10. Nc3 exd4 11. exd4 dxc4 12. Be3 Ne7 13. O-O-O Rb8 14. Nf3 Bf5 15. Qa4 Rb4 16. Qa5 Qb8 17. Rd2 O-O 18.
d5 cxd5 19. Nxd5 Rb5 20. Nxe7+ Bxe7 21. Qc3 Bd3 22. a3 Rb3 23. Qa5 Bxa3 24. Bd4 c5 25.
Bc3 Rxc3+ 26. Qxc3 Bb4 27. Rxd3 Bxc3 28. Rxc3 Qf4+ 29.
Kb1 Qg4 30. Rg1 Rb8 31. g3 Rb3 32. Rgc1 Qxf3 33. Rxf3 Rxf3 34. Rc2 Kf7 35. Kc1 Ke6 36. Re2+ Kd5 37. h4 c3 38. b3 c4 39. b4 Kc6 40.
Re7 Kb5 41. Rb7+ Ka4 42. Kc2 Rxf2+ 43. Kxc3 Rf3+ 44. Kxc4 Rxg3 45. Rb6 Rg4+ 46. Kc5 a5 47. b5 Rxh4 48. Rd6 Rb4 49. b6 Kb3 50. Rd4 Rxb6 51. Kxb6 a4 52. Kb5 a3 53. Rd3+ Kb2 54.
Kb4 a2 55. Rd2+ Kb1 56. Kb3 a1=N+ 57. Kc3 Kc1 58. Rg2 Kd1 59. Kd3 Ke1 60. Rg1+ Kf2 61. Rxa1 h4 62. Ke4 h3 63. Ra2+ Kg1 64. Kf3 h2 65.
Kg3 h1=Q 66. Ra1# 1-0

[Event "Early-Titled-Tuesday-Blitz-April-16-2024"]
[Site "Chess.com"]
[Date "2024.04.16"]
[Round "11"]
[White "Squirlolz"]
[Black "LeninGuerra"]
[Result "1-0"]
[WhiteElo "2593"]
[BlackElo "2744"]
[TimeControl "180+1"]
[EndTime "10:12:42 PDT"]
[Termination "Squirlolz won by checkmate"]

1. e4 c5 2. Be2 g6 3. f4 Bg7 4.
Nf3 e6 5. O-O Ne7 6. d3 Nbc6 7. c3 d5 8. a4 b6 9. Na3 Bb7 10. e5 O-O 11. d4 cxd4 12. cxd4 a6 13. g4 Rc8 14. Be3 f6 15. Qd2 fxe5 16. fxe5 Qd7 17. b4 a5 18. b5 Nb4 19. Rf2 Rc7 20.
Raf1 Qc8 21. Bh6 Rc3 22. Bxg7 Kxg7 23. Ng5 Rxf2 24. Rxf2 Rxa3 25. Rf7+ Kg8 26. Rxe7 Ra1+ 27. Kg2 Nc2 28. Qf4 Ne1+ 29. Kh3 Ra3+ 30. Bf3 Qf8 31.
Qxf8+ Kxf8 32. Rxb7 Nxf3 33. Rf7+ Ke8 34. Rxf3 Rxa4 35.
Nxe6 Ke7 36. Ng5 Rxd4 37. Rf7+ Ke8 38. e6 h6 39. Nh7 Rd3+ 40. Kg2 Re3 41. Nf6+ Kd8 42.
Rd7+ Kc8 43. e7 a4 44. Rd8+ Kc7 45. e8=Q Rxe8 46. Rxe8 Kd6 47. Rb8 Kc5 48. Nxd5 Kxd5 49. Rxb6 Kc5 50. Ra6 Kxb5 51. Rxg6 a3 52. Rg8 a2 53.
Ra8 Kc4 54. Rxa2 Kd4 55. Rf2 Ke4 56. Kg3 Ke5 57. h4 Ke6 58. g5 Ke7 59. gxh6 Ke6 60. h7 Ke5 61. h8=N Ke4 62. Ng6 Ke3 63. Rf4 Ke2 64. h5 Ke3 65. h6 Ke2 66. h7 Ke3 67.
h8=B Ke2 68. Bd4 Kd3 69. Be5 Ke2 70. Rf2+ Ke3 71. Rd2 Ke4 72. Bf6 Kf5 73. Nf4 Kxf6 74. Rd5 Ke7 75. Kf3 Kf7 76. Ke4 Ke7 77. Ke5 Kf7 78. Rd7+ Ke8 79. Ke6 Kf8 80. Ne2 Ke8 81. Ng1 Kf8 82. Nf3 Ke8 83. Ne1 Kf8 84. Nc2 Ke8 85.
Na1 Kf8 86. Nb3 Ke8 87. Na5 Kf8 88. Kf6 Ke8 89. Rd6 Kf8 90. Rd8# 1-0

[Event "Early-Titled-Tuesday-Blitz-April-16-2024"]
[Site "Chess.com"]
[Date "2024.04.16"]
[Round "11"]
[White "tsaruk_maks"]
[Black "CrushingKings"]
[Result "1-0"]
[WhiteElo "2730"]
[BlackElo "2597"]
[TimeControl "180+1"]
[EndTime "10:12:44 PDT"]
[Termination "tsaruk_maks won by resignation"]

1. e4 g6 2. d4 Bg7 3. Nc3 c6 4. Bf4 d5 5. exd5 cxd5 6. Nb5 Kf8 7. Nf3 Nc6 8. c3 a6 9. Na3 Bg4 10. h3 Bxf3 11. Qxf3 e6 12. Bd3 Nge7 13. O-O b5 14. Nc2 Nf5 15. b4 Nd6 16. a4 Nc4 17. axb5 axb5 18.
Rxa8 Qxa8 19. Bxc4 dxc4 20. Ra1 Qb7 21. Bd6+ Kg8 22. Ne3 f5 23. d5 Nd8 24. dxe6 Qxf3 25.
e7 Kf7 26. exd8=Q Rxd8 27. Ra7+ Kg8 28. Rxg7+ Kxg7 29. Be5+ Kf7 30. gxf3 Rd3 31. f4 Ke6 32. Kf1 g5 33. Bd4 gxf4 34. Ng2 Rd1+ 35. Ke2 f3+ 36. Kxf3 Kd6 37. Ne3 Rh1 38. Nxf5+ Ke6 39. Kg4 Rg1+ 40.
Ng3 Rd1 41. f4 Kd5 42. Bh8 Rd3 43. f5 Rd2 44. h4 Rf2 45. h5 Kd6 46. h6 Ke7 47.
Bg7 Kf7 48. Ne4 Rg2+ 49. Kf4 Rh2 50. Ke5 Rh5 51. Nd6+ Ke7 52. Nxb5 Rh3 53. Kd5 Rf3 54. f6+ Kf7 55. Kxc4 Rf5 56. Nd4 Rf4 57. b5 Rh4 58.
b6 Rh1 59. b7 Rb1 60. Nb3 Rxb3 61. Kxb3 1-0

[Event "Early-Titled-Tuesday-Blitz-April-16-2024"]
[Site "Chess.com"]
[Date "2024.04.16"]
[Round "11"]
[White "VD_coach"]
[Black "Orphanator2009"]
[Result "0-1"]
[WhiteElo "2624"]
[BlackElo "2537"]
[TimeControl "180+1"]
[EndTime "10:12:45 PDT"]
[Termination "Orphanator2009 won by resignation"]

1. Nf3 Nf6 2. d4 e6 3. c4 d5 4. Nc3 Bb4 5. Bg5 h6 6. Bxf6 Qxf6 7. e3 c6 8. Bd3 O-O 9. O-O Nd7 10. Qc2 dxc4 11.
Bxc4 e5 12. Ne4 Qe7 13. a3 Ba5 14. b4 Bc7 15. Rfe1 Nb6 16. Bd3 f5 17. Nc5 e4 18. Bc4+ Nxc4 19. Qxc4+ Kh7 20. Nd2 b6 21. Ncb3 Bd7 22. Rac1 Rac8 23. Nf1 Be6 24. Qc2 Bd5 25. Nbd2 Kh8 26. Nb1 f4 27. exf4 Bxf4 28. Rcd1 Rce8 29. Nc3 Qg5 30. Nxe4 Qg6 31. f3 Re7 32. Nfg3 Bxg3 33. hxg3 Rfe8 34. Qf2 Bxe4 35. fxe4 Rxe4 36. Rxe4 Qxe4 37.
Rf1 Qe3 38. a4 Qxf2+ 39. Rxf2 Re1+ 40. Kh2 Ra1 41. a5 bxa5 42. bxa5 Rxa5 43. Rc2 Ra6 44. g4 Rb6 45. Kg3 Kg8 46. Kf4 Kf7 47. Ke5 Rb5+ 48. Kd6 Rd5+ 49. Kxc6 Rxd4 50. Ra2 Rxg4 51. Rxa7+ Kf6 52. Ra2 Rd4 53. Kc5 Rd8 54. Ra7 g6 55. Kc4 Kg5 56. Ra6 h5 57. Kc3 Kf5 58. Ra5+ Kg4 59.
Ra6 g5 60. Ra5 h4 61. Kc2 Kf4 62. Rb5 g4 63. Rb3 Rh8 64. Kd2 h3 65. gxh3 gxh3 66.
Rb1 h2 67. Rh1 Kf3 68. Ke1 Kg2 0-1

[Event "Early-Titled-Tuesday-Blitz-April-16-2024"]
[Site "Chess.com"]
[Date "2024.04.16"]
[Round "11"]
[White "NikitaShnadrygin"]
[Black "Iskusnyh"]
[Result "0-1"]
[WhiteElo "2730"]
[BlackElo "2620"]
[TimeControl "180+1"]
[EndTime "10:12:46 PDT"]
[Termination "Iskusnyh won on time"]

1. e4 e6 2. d4 d5 3. Nd2 c5 4. exd5 exd5 5. Ngf3 Nc6 6. Bb5 cxd4 7.
O-O Bd6 8. Nb3 Ne7 9. Nbxd4 O-O 10. h3 Nxd4 11. Nxd4 Bc7 12. c3 Qd6 13. f4 Bb6 14.
Kh2 Nf5 15. Nxf5 Bxf5 16. Bd3 Bxd3 17. Qxd3 Rfe8 18. Bd2 Re4 19. Rae1 Rae8 20. c4 Rxe1 21. Bxe1 Rd8 22. Bc3 dxc4 23. Qxc4 Qd3 24. Qxd3 Rxd3 25. Re1 f6 26. Re2 Kf7 27. g3 h5 28. Kg2 Bc5 29.
Re4 Kg6 30. g4 h4 31. Be1 Kf7 32. f5 Bd6 33. Re2 Bg3 34. Rd2 Re3 35. Bxg3 Rxg3+ 36. Kh2 Ke7 37. Re2+ Kd7 38. Rd2+ Kc6 39. Re2 Kd6 40. Re6+ Kd7 41. Re2 Rd3 42. Kg2 a5 43. Rc2 b6 44.
a3 Rb3 45. Rd2+ Kc6 46. Re2 Kd6 47. Re6+ Kd7 48. Re2 a4 49. Kh2 b5 50. Rg2 Kd6 51. Re2 Kd5 52. Kg2 Kd4 53. g5 fxg5 54. Re7 Rxb2+ 55.
Kf3 Rb3+ 56. Kg4 Rg3+ 57. Kh5 Rxh3 58. Rxg7 Rf3 59. Kxg5 h3 60. Rh7 Ke5 61. f6 Rf5+ 62. Kg4 Rxf6 63. Rxh3 Kd4 64. Kg5 Re6 65. Kf5 Re3 66.
Rh4+ Kc5 0-1

[Event "Early-Titled-Tuesday-Blitz-April-16-2024"]
[Site "Chess.com"]
[Date "2024.04.16"]
[Round "11"]
[White "FARIZA2018"]
[Black "Martial2008"]
[Result "1/2-1/2"]
[WhiteElo "2571"]
[BlackElo "2666"]
[TimeControl "180+1"]
[EndTime "10:12:55 PDT"]
[Termination "Game drawn - insufficient material"]

1. e4 e5 2. Nf3 Nc6 3. Bb5 g6 4.
d4 exd4 5. Nxd4 Bg7 6. Nxc6 bxc6 7. Bc4 d6 8. O-O Nf6 9. Nc3 O-O 10. h3 Rb8 11. Rb1 Re8 12. Re1 Rb4 13. Bd3 c5 14. a3 Rb8 15. Bf4 Bb7 16. Qd2 Nd7 17. Rbd1 Ne5 18.
Bf1 Bc6 19. b3 Qf6 20. Bg5 Nf3+ 21. gxf3 Qxc3 22. Qxc3 Bxc3 23. Bd2 Bxd2 24. Rxd2 a5 25. a4 f6 26. Bc4+ Kg7 27. Rde2 Rb4 28. c3 Rbb8 29. f4 Re7 30. f3 Rbe8 31. Kf2 Bd7 32. h4 Bc6 33.
Rd1 Bd7 34. h5 Be6 35. Bxe6 Rxe6 36. hxg6 hxg6 37. Rg1 Rh8 38. Ke3 Kf7 39. Reg2 f5 40. Kd3 Rf6 41. exf5 Rxf5 42. Rxg6 Rxf4 43. Rg7+ Ke6 44.
Ke3 Rhf8 45. R1g3 c4 46. Rxc7 cxb3 47. Rb7 Rxa4 48. Rxb3 Kd5 49. Rg5+ Kc6 50. Rbb5 Ra3 51. Rxa5 Rxc3+ 52. Kd2 Rcxf3 53. Ra6+ Kd7 54. Rg7+ Ke6 55. Rg6+ R8f6 56. Rxf6+ Rxf6 57. Ra5 d5 58. Ra6+ Ke5 59. Rxf6 Kxf6 60. Kd3 Ke5 61. Ke3 Ke6 62. Kd4 Kd6 63.
Kd3 Kc7 64. Kd4 Kc6 65. Kd3 Kc5 66. Kc3 d4+ 67. Kd3 Kd5 68. Kd2 Ke5 69. Kd3 Kd5 70.
Kd2 Kd6 71. Kd3 Kc5 72. Kd2 Kb4 73. Kd3 Kc5 74. Kd2 Kc4 75. Kc2 d3+ 76. Kd2 Kd4 77. Kd1 Kd5 78. Kd2 Ke4 79. Kd1 Ke3 80. Ke1 Kd4 81.
Kd2 Kc4 82. Kd1 Kd5 83. Kd2 Kd4 84. Kd1 Kc3 85. Kc1 Kb3 86. Kd2 Kc4 87. Kd1 Kc3 88.
Kc1 d2+ 89. Kd1 Kb3 90. Kxd2 1/2-1/2

[Event "Early-Titled-Tuesday-Blitz-April-16-2024"]
[Site "Chess.com"]
[Date "2024.04.16"]
[Round "11"]
[White "lefonghua"]
[Black "jumpingknight20"]
[Result "0-1"]
[WhiteElo "2584"]
[BlackElo "2733"]
[TimeControl "180+1"]
[EndTime "10:12:59 PDT"]
[Termination "jumpingknight20 won by resignation"]

1. d4 g6 2. c4 Bg7 3. e4 d6 4. f4 Nd7 5. Nf3 c5 6. d5 Ngf6 7. Nc3 O-O 8. Be2 a6 9. a4 Rb8 10. O-O Ne8 11. Bd3 Nc7 12. a5 e6 13. Re1 b5 14.
axb6 Nxb6 15. h3 exd5 16. cxd5 c4 17. Bf1 Nb5 18. Nxb5 axb5 19. Ra2 Na4 20. Nd4 Bd7 21. Be3 Re8 22. Bf2 Nc5 23. e5 dxe5 24. Nc6 Bxc6 25. dxc6 Nd3 26. Bxd3 cxd3 27. Ra7 Qd6 28. c7 Rbc8 29.
fxe5 Bxe5 30. Ra3 d2 31. Re2 Bh2+ 32. Kf1 Rxe2 33. Kxe2 Bf4 34. Be3 Bxe3 35. Rxe3 Qxc7 36. Qxd2 Qc4+ 37. Kf2 Qc5 38. Kf1 h5 39. Rc3 Qf5+ 40. Kg1 Re8 41. Rf3 Qe5 42. Qc3 Qe6 43. Kh2 Qe5+ 44.
Qxe5 Rxe5 45. Rb3 Kg7 46. h4 Kf6 47. Kg3 Rf5 48. Rc3 Ke6 49. Rc6+ Kd5 50. Rc7 Kd6 51. Rc8 Rc5 52. Rb8 Kd5 53. b4 Rc3+ 54.
Kh2 Kc4 55. Rb7 Kxb4 56. Rxf7 Rc6 57. Rb7 Kc4 58. Kh3 b4 59. g4 b3 60. gxh5 gxh5 61.
Kg3 Kc3 62. Kf4 b2 63. Kg5 Rc5+ 64. Kh6 Kc2 0-1

[Event "Early-Titled-Tuesday-Blitz-April-16-2024"]
[Site "Chess.com"]
[Date "2024.04.16"]
[Round "11"]
[White "GMSrinath"]
[Black "FaustinoOro"]
[Result "1-0"]
[WhiteElo "2845"]
[BlackElo "2924"]
[TimeControl "180+1"]
[EndTime "10:13:06 PDT"]
[Termination "GMSrinath won by resignation"]

1. Nf3 d5 2. e3 Nf6 3. c4 e6 4. b3 Be7 5. Bb2 O-O 6. Nc3 b6 7.
cxd5 Nxd5 8. Nxd5 Qxd5 9. Rc1 c5 10. d4 Bb7 11. Be2 Qd8 12. O-O Nd7 13. Qc2 Rc8 14. Qb1 Bf6 15. Rfd1 Qe7 16. dxc5 Nxc5 17. Nd4 Rfd8 18.
Ba3 h6 19. h3 Be5 20. Bf3 Bxf3 21. Nxf3 Bd6 22. Rc4 Nb7 23. Rxc8 Rxc8 24. Bb2 Rd8 25. Nd4 Qe8 26. Qe4 Nc5 27. Qg4 Be5 28. g3 Bf6 29. Kg2 Rd5 30. e4 Rd8 31. Nc6 h5 32. Rxd8 Qxd8 33.
Qxh5 Qd3 34. Bxf6 Qxe4+ 35. Qf3 gxf6 36. Qxe4 Nxe4 37. Nxa7 Kf8 38. a4 Nc5 39. Nc8 Nxb3 40. Nxb6 Ke7 41. h4 f5 42. Kf3 Kf6 43. Ke3 e5 44. Nc4 Nc5 45. a5 Ke6 46. Nb6 f6 47. Nc4 Kd5 48. Nb6+ Ke6 49. f3 Kf7 50. Nd5 Ke6 51. Nb4 Nd7 52. a6 Nb6 53. a7 Na8 54.
h5 Kf7 55. g4 Kg7 56. Nd5 fxg4 57. fxg4 Kh6 58. Nxf6 Kg5 59. Ne4+ Kxg4 60. h6 Nb6 61. h7 Nd5+ 62. Kf2 1-0

[Event "Early-Titled-Tuesday-Blitz-April-16-2024"]
[Site "Chess.com"]
[Date "2024.04.16"]
[Round "11"]
[White "alpope"]
[Black "Maftuna2303"]
[Result "0-1"]
[WhiteElo "2498"]
[BlackElo "2387"]
[TimeControl "180+1"]
[EndTime "10:13:09 PDT"]
[Termination "Maftuna2303 won by checkmate"]

1. g3 d5 2. Bg2 c5 3. b3 Nc6 4. Bb2 e5 5. d3 Nf6 6. Nd2 Bd6 7.
e4 d4 8. Ne2 Nd7 9. O-O O-O 10.
f4 f6 11. c3 dxc3 12. Bxc3 Nd4 13. Rb1 Nb6 14. Kh1 Bg4 15. Nf3 Qe7 16. h3 Be6 17.
Qd2 Rfd8 18. f5 Bf7 19. g4 a5 20. g5 Nxe2 21. Qxe2 Bh5 22. Qf2 Bxf3 23. Qxf3 a4 24. Qg4 Kh8 25. Rg1 axb3 26. axb3 Bc7 27. Bf1 Nd7 28. h4 Ba5 29. Bxa5 Rxa5 30. h5 fxg5 31. Qxg5 Qxg5 32. Rxg5 Nf6 33. b4 cxb4 34. Rxb4 Ra1 35.
Kg2 Rd7 36. h6 gxh6 37. Rg3 h5 38. Rb5 Ng4 39. Rxg4 hxg4 40. Rxe5 Kg7 41. Re6 Kf7 42.
Rh6 Kg7 43. Rh4 Kf6 44. Rxg4 b5 45. Rh4 b4 46. Rh6+ Ke5 47. Rb6 Rb1 48. Re6+ Kf4 49.
f6 Rb2+ 50. Kg1 Rf7 51. e5 b3 52. Re7 Rf8 53. d4 Rd2 54. Rb7 Rxd4 55. Rxb3 Kxe5 56. Rh3 Rd7 57. Bd3 Rxf6 58. Bxh7 Rd1+ 59. Kh2 Rd2+ 60. Kg1 Rff2 61. Rh5+ Kf6 62. Be4 Rfe2 63. Bf3 Re1# 0-1

[Event "Early-Titled-Tuesday-Blitz-April-16-2024"]
[Site "Chess.com"]
[Date "2024.04.16"]
[Round "11"]
[White "yonaltimur"]
[Black "HighLawView"]
[Result "0-1"]
[WhiteElo "2411"]
[BlackElo "2156"]
[TimeControl "180+1"]
[EndTime "10:13:11 PDT"]
[Termination "HighLawView won on time"]

1. e4 e5 2. Nf3 Nf6 3. Nxe5 Nc6 4. Nxc6 dxc6 5. Nc3 Bc5 6. Be2 h5 7. d3 Ng4 8. Bxg4 hxg4 9. Be3 Bxe3 10. fxe3 Qh4+ 11.
g3 Qg5 12. Qe2 Be6 13. O-O-O O-O-O 14. Kb1 Rhe8 15. Qf2 Qa5 16. Rhf1 c5 17. Qe2 Kb8 18. Qd2 b5 19. b3 Rd6 20. Ne2 Qa3 21. Qc1 Qa5 22.
Qd2 b4 23. Nc1 c4 24. bxc4 Bxc4 25. Nb3 Qa4 26. Qc1 Be6 27. Qb2 Qb5 28. Nd4 Qa5 29.
Nxe6 fxe6 30. Rf4 Ra6 31. Rxg4 Re7 32. e5 Qd5 33. Rxb4+ Kc8 34. Rf1 Rb6 35. Rf8+ Kb7 36. Rxb6+ cxb6 37. Rf4 Qh1+ 38. Qc1 Qd5 39. Rd4 Qb5+ 40.
Qb2 Qc5 41. c4 Rc7 42. Qg2+ Ka6 43. h4 Qb4+ 44. Qb2 Qe1+ 45. Qc1 Qb4+ 46. Qb2 Qe1+ 47. Qc1 Qb4+ 48. Kc2 Qa4+ 49. Kd2 Qxa2+ 50. Qc2 Qa5+ 51. Ke2 Rf7 52. Rf4 Rd7 53. h5 Qa1 54. g4 Qg1 55. Qa2+ Kb7 0-1

[Event "Early-Titled-Tuesday-Blitz-April-16-2024"]
[Site "Chess.com"]
[Date "2024.04.16"]
[Round "11"]
[White "kachsona"]
[Black "Agibileg"]
[Result "0-1"]
[WhiteElo "2619"]
[BlackElo "2774"]
[TimeControl "180+1"]
[EndTime "10:13:14 PDT"]
[Termination "Agibileg won on time"]

1. e4 c5 2. Nf3 e6 3. d4 cxd4 4. Nxd4 Nc6 5. Nc3 a6 6. Nxc6 bxc6 7. Bd3 d5 8. O-O Nf6 9. Re1 Be7 10. e5 Nd7 11.
Qg4 g6 12. Bh6 Qb6 13. Na4 Qb4 14. Qxb4 Bxb4 15. c3 Be7 16. c4 Bb7 17. Rac1 c5 18. b3 d4 19. Bd2 Bc6 20. Be4 Bxe4 21. Rxe4 a5 22. Nb2 O-O 23. Ree1 Kg7 24. f4 Rfb8 25. Kf2 Nb6 26. Nd3 h5 27. Ke2 h4 28.
a3 Nd7 29. Rb1 Rb7 30. Kd1 Nb8 31. Kc2 Nc6 32. Rb2 Rab8 33. Reb1 f6 34. exf6+ Kxf6 35. Re1 Bd6 36. Re2 e5 37. fxe5+ Nxe5 38. Rf2+ Kg7 39.
Nxe5 Bxe5 40. Rb1 d3+ 41. Kxd3 Rxb3+ 42. Rxb3 Rxb3+ 43. Ke4 Bd4 44. Rf3 Rb2 45. Bxa5 Rxg2 46. h3 Rc2 47. Kd5 g5 48. Bb6 Rd2 49. Bxc5 Bf2+ 50. Kc6 Bg3 51. Be7 Kg6 52. c5 g4 53.
hxg4 Rg2 54. Bd6 Kg5 55. Kd7 Kxg4 56. Rd3 h3 57. Bxg3 Rxg3 58. Rd4+ Kg5 59. c6 h2 0-1